 Dungeon Crawl Stone Soup version 0.30-a0-170-g85af917532 (webtiles) character file.

Game seed: 1030545748059647083

83 qw the Chopper (level 4, 0/28 HPs)
             Began as a Gargoyle Fighter on Sept 30, 2022.
             Slain by Sigmund
             ... wielding a +1 scythe of venom
              (2 damage)
             ... on level 3 of the Dungeon.
             The game lasted 00:00:49 (2050 turns).

qw the Chopper (Gargoyle Fighter)                   Turns: 2050, Time: 00:00:49

Health: 0/28       AC: 17    Str: 22    XL:     4   Next: 44%
Magic:  4/4        EV: 10    Int:  8    God:
Gold:   164        SH:  4    Dex:  9    Spells: 3/3 levels left

rFire   . . .      SeeInvis .    Y - +1 war axe
rCold   . . .      Faith    .    c - +0 buckler
rNeg    + . .      Spirit   .    j - +0 plate armour
rPois   inf        Reflect  .    (no helmet)
rElec   +          Harm     .    g - +0 cloak
rCorr   .          Rampage  .    (no gloves)
Will    .....                    e - +0 pair of boots
Stlth   ..........               (no amulet)
HPRegen 0.09/turn                r - +4 ring of evasion
MPRegen 0.09/turn                (no ring)

@: no status effects
A: sickness immunity, AC +3, negative energy resistance 1, electricity
resistance, torment resistance 1, petrification resistance
a: no special abilities


You were on level 3 of the Dungeon.
You visited 1 branch of the dungeon, and saw 3 of its levels.

You collected 164 gold pieces.


Innate Abilities, Weirdness & Mutations

You are immune to sickness and miasma.
Your stone body is resilient. (AC +3)
You are immune to poison.
You resist negative energy. (rN+)
You are resistant to electric shocks. (rElec)
You are resistant to unholy torment.
You are immune to petrification.


   Skills:
 - Level 3.2 Fighting
 + Level 4.1 Axes
 - Level 3.2 Armour
 - Level 3.2 Shields


You had 3 spell levels left.
You didn't know any spells.
Your spell library was empty.

Inventory:

Hand Weapons
 k - a +0 flail
 s - a +0 mace
 Y - a +1 war axe (weapon)
Missiles
 p - 6 boomerangs (quivered)
Armour
 c - a +0 buckler (worn)
 e - a +0 pair of boots (worn)
 g - a +0 cloak (worn)
 j - a +0 plate armour (worn)
Jewellery
 r - a +4 ring of evasion (left hand)
Scrolls
 a - a scroll of vulnerability {unknown}
 b - a scroll of poison {unknown}
 i - a scroll of blinking {unknown}
 o - a scroll of identify
Potions
 d - a potion of might
 f - a potion of haste
 h - a potion of curing {unknown}
 m - a potion of magic {unknown}
 n - a potion of ambrosia {unknown}
 q - 2 potions of cancellation {unknown}

Dungeon Overview and Level Annotations

Branches:
Dungeon (3/15)

Altars:
Wu Jian

Annotations:
D:3 Sigmund


Message History

There is a strange disturbance nearby!
Something hits you.
You're too confused to attack without stumbling around!
There is a strange disturbance nearby!
You hear some strange, mumbled words.
A puff of flame appears from out of thin air!
The puff of flame hits you!
You're too confused to attack without stumbling around!
There is a strange disturbance nearby!
You feel less confused.
Sigmund appears from thin air!
Reactivating autopickup.
Sigmund hits you from afar with a +1 scythe of venom.
Found a scroll of identify.
You slash Sigmund!
Sigmund is heavily wounded.
Sigmund barely misses you.
You closely miss Sigmund.
Sigmund is heavily wounded.
Sigmund hits you with a +1 scythe of venom.
You hit Sigmund but do no damage.
Sigmund is heavily wounded.
Sigmund hits you but does no damage.
You hit Sigmund.
Sigmund is severely wounded.
Sigmund gestures at you while chanting.
The puff of flame hits you but does no damage.
You slash Sigmund!
Sigmund is almost dead.
Sigmund gestures wildly while chanting.
Sigmund flickers and vanishes!
Deactivating autopickup; reactivate with Ctrl-A.
You barely miss something. Something hits you.
You miss something. Something hits you.
You barely miss something. You closely miss something. Something hits you.
You die...

#...# #.## #.# #..?
#.#.# #..# #..
#....#.#.# ##.# ###..
....?#(#.# #.# #...#
....#.#.# ####.###..##
......# ##...........
#....###............
#...{##.............
#?@.#..............
#...#......>..%....
#..................
#....#.............
!......##.............
####...###............
###.# ##.....##....
#.. #########.## ##.
....#


There were no monsters in sight!

Vanquished Creatures
  2 adders (D:2)
  2 worms (D:2)
  3 dart slugs (D:1)
  An orc (D:3)
  5 bats
  5 endoplasms
  A giant cockroach (D:1)
  5 goblins
  3 hobgoblins
  3 kobolds
  4 quokkas
  8 ball pythons
  A frilled lizard (D:2)
  7 rats
50 creatures vanquished.

Vanquished Creatures (others)
  26 plants
26 creatures vanquished.

Grand Total: 76 creatures vanquished

Notes
Turn   | Place    | Note
-------+----------+-------------------------------------------
     0 | D:1      | qw the Gargoyle Fighter began the quest for the Orb.
     0 | D:1      | Reached XP level 1. HP: 14/14 MP: 1/1
     0 | D:1      | 0 ||| qw: Version: 0.2-a-12-gaebbb33
     0 | D:1      | 0 ||| qw: Game counter: 1426
     0 | D:1      | 0 ||| qw: Always use a shield: true
     0 | D:1      | 0 ||| qw: God list: Okawaru
     0 | D:1      | 0 ||| qw: Allow faded altars: false
     0 | D:1      | 0 ||| qw: Do Orc after D:15 true
     0 | D:1      | 0 ||| qw: Do second Lair branch before Depths: true
     0 | D:1      | 0 ||| qw: Lair rune preference: random
     0 | D:1      | 0 ||| qw: Plans: Normal, Zot:1-4, God:TSO, Crypt, Tomb,
                  | Pan, Slime:5, Hells, Abyss, Orb
     0 | D:1      | 0 ||| PLANNING D:1-11
    50 | D:1      | 50 ||| Stepping ~*~*~tactically~*~*~ (stealth).
    59 | D:1      | Reached skill level 2 in Axes
   135 | D:1      | Reached XP level 2. HP: 19/19 MP: 2/2
   427 | D:1      | Reached skill level 3 in Axes
   623 | D:1      | 623 ||| Stepping ~*~*~tactically~*~*~ (hiding).
   633 | D:1      | Reached XP level 3. HP: 21/23 MP: 3/3
   694 | D:1      | 694 ||| Stepping ~*~*~tactically~*~*~ (hiding).
   753 | D:1      | 753 ||| DROPPING +0 club.
   785 | D:1      | 785 ||| UPGRADING to +0 pair of boots.
   790 | D:1      | 790 ||| UPGRADING to +0 cloak.
   795 | D:1      | 795 ||| UPGRADING to +4 ring of evasion.
   796 | D:1      | 796 ||| READING scroll labelled UTROIB WEUCUSH.
   797 | D:1      | 797 ||| READING scroll labelled BOCATT SABYLIA.
   798 | D:1      | 798 ||| READING scroll labelled WONYRH WUYM.
   799 | D:1      | 799 ||| READING 3 scrolls labelled MUADE CODDOMO.
   800 | D:1      | 800 ||| DRINKING 2 grey potions.
   801 | D:1      | 801 ||| READING 2 scrolls of identify.
   801 | D:1      | 801 ||| IDENTIFYING puce potion
  1149 | D:2      | Identified the +3 scale mail of Naujo {rElec rN+ Will+
                  | Dex-4}
  1586 | D:2      | Reached XP level 4. HP: 28/28 MP: 4/4
  1590 | D:2      | Reached skill level 4 in Axes
  1596 | D:2      | 1596 ||| FLEEEEING.
  1597 | D:2      | 1597 ||| FLEEEEING.
  1598 | D:2      | 1598 ||| FLEEEEING.
  1730 | D:2      | 1730 ||| Stepping ~*~*~tactically~*~*~ (stealth).
  1732 | D:2      | 1732 ||| Stepping ~*~*~tactically~*~*~ (stealth).
  1733 | D:2      | 1733 ||| Stepping ~*~*~tactically~*~*~ (stealth).
  1737 | D:2      | 1737 ||| Stepping ~*~*~tactically~*~*~ (stealth).
  1738 | D:2      | 1738 ||| Stepping ~*~*~tactically~*~*~ (stealth).
  1756 | D:2      | 1756 ||| UPGRADING to +3 scale mail of Naujo {rElec rN+
                  | Will+ Dex-4}.
  1766 | D:2      | 1766 ||| DROPPING +0 scale mail.
  1767 | D:2      | 1767 ||| UPGRADING to +0 plate armour.
  1777 | D:2      | 1777 ||| DROPPING +3 scale mail of Naujo {rElec rN+ Will+
                  | Dex-4}.
  1778 | D:2      | 1778 ||| READING scroll labelled ZUSHRA TOAN.
  1783 | D:2      | 1783 ||| DRINKING 2 black potions.
  1784 | D:2      | 1784 ||| DROPPING potion of brilliance.
  1862 | D:3      | Found an ornate altar of the Wu Jian Council.
  2018 | D:3      | Noticed Sigmund
  2024 | D:3      | HP: 7/28 [something (7)]
  2025 | D:3      | 2025 ||| DRINKING potion of heal wounds.
  2047 | D:3      | HP: 5/28 [something (4)]
  2048 | D:3      | HP: 1/28 [something (4)]
  2050 | D:3      | Slain by Sigmund

Levels and vault maps discovered:
D:1:      lemuel_arrival_room, layout_loops_cross
D:2:      minmay_wonky_spiral, layout_basic, serial_bayou_pond_c
D:3:      layout_rooms, nicolae_ashenzari_skybound,
          mainiacjoe_overflow_boulevard, uniq_sigmund

Skill      XL: |  1  2  3  4 |
---------------+-------------+-----
Axes           | 2 3 4 |  4.1
Fighting       | |  3.2
Armour         | |  3.2
Shields        | |  3.2

Action                   |  1- 3 |  4- 6 || total
-------------------------+-------+-------++-------
Melee: War axe           |    86 |    28 ||   114
Throw: Boomerang         |    20 |    15 ||    35
  Use: Scroll            |     5 |     1 ||     6
       Potion            |     1 |     2 ||     3
Armor: Scale mail        |    28 |     3 ||    31
       Plate armour      |       |    10 ||    10
Dodge: Dodged            |    41 |    10 ||    51
Block: Buckler           |    14 |     2 ||    16

Table legend:
 A = Non-vault XP
 B = Vault XP
 C = Vault XP percentage of total XP
 D = Non-vault monster count
 E = Vault monster count
 F = Vault count percentage of total count
                 A         B        C        D         E       F
            +---------+---------+-------+---------+---------+-------
      Total |     109 |      10 |   8.4 |      46 |       4 |   8.0
            +---------+---------+-------+---------+---------+-------
        D:1 |      43 |       0 |   0.0 |      22 |       0 |   0.0
        D:2 |      57 |      10 |  14.9 |      19 |       4 |  17.4
        D:3 |       9 |       0 |   0.0 |       5 |       0 |   0.0
            +---------+---------+-------+---------+---------+-------
